cohdb
Replays
Latest Replays
All Replays
Popular Replays
Top Player Replays
Match Explorer
How It Works
Community
CoH3 Stats
Reddit
Sign in to upload your games and track your stats! →
Sign in with Steam
Match 44375965
Unlisted
Match 44375965
Overview
Messages
Build Orders
End
Scout Squad
Construct Weapon Support Center
Selects Airborne Battlegroup
Selects Pathfinders
Bazooka Squad
M1919 Machine Gun Team
Pathfinder Squad
Selects Smoke Bombing Run
Selects Paratrooper Squad Paradrop
Infantry Support Center
Paratrooper Squad Paradrop
robwarrior
猫头鹰
0
0
Comments
sign in to comment!
No comments posted yet!